 Dungeon Sprint DCSS version 0.32-a0-814-g0968bab981 (webtiles) character file.

Game seed: 4645404166508965999

5484 Pestilence the Covert (level 10, -15/63 HPs)
             Began as a Demonspawn Ice Elementalist on Mar 22, 2024.
             Was a High Priest of Sif Muna.
             Demolished by a dire elephant (39 damage)
             ... in the Dungeon (Sprint IX: "|||||||||||||||||||||||||||||").
             The game lasted 00:06:04 (1530 turns).

Pestilence the Covert (Demonspawn Ice Elementalist) Turns: 1530, Time: 00:06:05

Health: -15/63     AC:  2    Str: 12    XL:     10   Next: 42%
Magic:  23/25      EV: 17    Int: 20    God:    Sif Muna [*****.]
Gold:   0          SH:  0    Dex: 16    Spells: 17/32 levels left

rFire   . . .        i - +2 scimitar (flame)
rCold   . . .        (no shield)
rNeg    . . .        a - +0 robe
rPois   .            (helmet restricted)
rElec   .            (no cloak)
rCorr   .            (no gloves)
SInv    .            (no boots)
Will    .....        (no amulet)
Stlth   +++++        k - +3 ring of dexterity
HPRegen 0.30/turn    m - +3 ring of strength
MPRegen 0.19/turn

%: no teleportation
@: mighty
A: horns 2, powered by pain 2, spiny 1, demonic touch 1
a: Renounce Religion, Channel Magic, Forget Spell, Divine Exegesis


You were in the Dungeon.
You worshipped Sif Muna.
Sif Muna was extremely pleased with you.
You visited 1 branch

Inventory:

Hand Weapons
 i - a +2 scimitar of flaming (weapon)
Armour
 a - a +0 robe (worn)
Jewellery
 k - a +3 ring of dexterity (left hand)
 m - a +3 ring of strength (right hand)
Wands
 h - a wand of roots (10)
Scrolls
 f - 2 scrolls of amnesia
 g - a scroll of blinking
 p - a scroll of identify
 q - 4 scrolls of enchant weapon
 r - 3 scrolls of fear
 s - a scroll of fog
Potions
 b - 5 potions of magic
 c - a potion of invisibility
 d - a potion of might
 e - 4 potions of curing
 j - a potion of resistance
 n - 2 potions of haste
 o - a potion of enlightenment


   Skills:
 + Level 0.0 Long Blades
 + Level 0.0 Armour
 + Level 11.8 Dodging
 - Level 12.8 Stealth
 + Level 11.8 Spellcasting
 + Level 12.2 Ice Magic
 + Level 0.0 Earth Magic


You had 17 spell levels left.
You knew the following spells:

 Your Spells              Type           Power      Damage    Failure   Level
a - Freeze                Ice            100%       1d10      1%          1
b - Frozen Ramparts       Ice            100%       1d16      1%          3
c - Ozocubu's Armour      Ice            57%        N/A       1%          3
d - Summon Ice Beast      Ice/Summ       36%        N/A       1%          3
e - Lee's Rapid Deconstr  Erth           5%         3d6*      85%         5

Your spell library contained the following spells:

 Spells                   Type           Power      Damage    Failure   Level
 Magic Dart               Conj           44%        1d5       6%          1
 Gell's Gravitas          Tloc           11%        N/A       17%         3
 Teleport Other           Tloc           11%        N/A       17%         3
 Iskenderun's Battlesphe  Conj           11%        2d7       85%         5
 Dispersal                Tloc           5%         N/A       100%        6
 Orb of Destruction       Conj           5%         9d5       100%        7


Dungeon Overview and Level Annotations

Branches:
Dungeon (1/1)

Altars:
Cheibriados
Dithmenos
Fedhas
Gozag
Hepliaklqana
Kikubaaqudgha
Makhleb
Nemelex Xobeh
Okawaru
Qazlal
Ru
Sif Muna
Trog
Uskayaw
Vehumet
Wu Jian
Xom
Yredelemnul
Beogh
Jiyva
Lugonu


Innate Abilities, Weirdness & Mutations

You have a pair of horns on your head.
You sometimes gain power by taking damage.
You are partially covered in sharp spines.
Your touch may inflict minor irresistible damage on your foes.


Message History

The dire elephant is heavily wounded.
The dire elephant is struck by your spines.
The dire elephant tramples you!
You stumble backwards!
The dire elephant misses you. The dire elephant trunk-slaps you!
* * * LOW HITPOINT WARNING * * *
You feel much better.
Your ice beast hits the dire elephant but does no damage.
The elephant tramples your ice beast.
Your ice beast holds its ground!
The elephant completely misses your ice beast.
The dire elephant tramples you.
You hold your ground!
The dire elephant trunk-slaps you.
You hit the dire elephant but do no damage.
The dire elephant is heavily wounded.
Your ice beast hits the dire elephant but does no damage.
The elephant barely misses your ice beast.
The elephant trunk-slaps your ice beast.
The dire elephant barely misses your ice beast.
The dire elephant trunk-slaps your ice beast but does no damage.
Your ice beast hits the dire elephant but does no damage.
The elephant tramples your ice beast.
Your ice beast holds its ground!
The elephant trunk-slaps your ice beast.
You slash the dire elephant! You burn the dire elephant.
The dire elephant is severely wounded.
The dire elephant misses you.
The dire elephant trunk-slaps you but does no damage.
Your ice beast barely misses the dire elephant.
The elephant tramples your ice beast.
Your ice beast holds its ground!
The elephant trunk-slaps your ice beast.
Your ice beast dies!
Your ice beast disappears in a puff of smoke!
The dire elephant is struck by your spines.
The dire elephant completely misses you.
The dire elephant trunk-slaps you but does no damage.
You feel much better. The dire elephant tramples you!!
You focus on the pain.
You feel your power returning.
You stumble backwards!
You slash the dire elephant! You burn the dire elephant.
The dire elephant is almost dead.
The dire elephant tramples you!!!
Ouch! That really hurt!
You die...

▓.▓.▓_▓
▓.▓.▓_▓
▓.▓.▓_▓
▓÷▓.▓_▓
▓'▓.▓_▓
▓÷▓.▓_▓
▓.▓.▓_▓
▓.▓.▓_▓
▓@▓.▓_▓
▓Y▓.▓_▓
▓Y▓.▓_▓
▓.▓.▓_▓
▓÷▓.▓_▓
▓÷▓.▓_▓
▓'▓.▓_▓
▓.▓.▓_▓
▓.▓.▓_▓


You could see a dire elephant and an elephant.

Vanquished Creatures
  2 hydras (D)
  An elephant (D)
  A black mamba (D)
  A cane toad (D)
  A gargoyle (D)
  2 komodo dragons (D)
  A rime drake (D)
  A troll (D)
  A slime creature (D)
  2 wraiths (D)
  3 yaks (D)
  A basilisk (D)
  2 acid dragons (D)
  A water moccasin (D)
  A laughing skull (D)
  A wolf (D)
  A kobold brigand (D)
  4 bullfrogs (D)
  A scorpion (D)
  A wight (D)
  A killer bee (D)
  A bombardier beetle (D)
  2 orc wizards (D)
  An adder (D)
  A shadow imp (D)
  A goblin (D)
  A bat (D)
  2 frilled lizards (D)
  A rat (D)
40 creatures vanquished.

Notes
Turn   | Place    | Note
-------+----------+-------------------------------------------
     0 | D        | Pestilence the Demonspawn Ice Elementalist began the quest
                  | for the Orb.
     0 | D        | Reached XP level 1. HP: 13/13 MP: 3/3
    77 | D        | Noticed a scorpion
    77 | D        | Noticed a bombardier beetle
    77 | D        | Noticed an orc wizard
    85 | D        | Killed a scorpion
    86 | D        | Reached skill level 5 in Ice Magic
    86 | D        | Discovered your monstrous ancestry.
    86 | D        | Gained mutation: You have a pair of small horns on your
                  | head. [demonic ancestry]
    86 | D        | Reached XP level 2. HP: 19/19 MP: 0/6
    86 | D        | Gained mutation: You sometimes gain a little power by
                  | taking damage. [demonic ancestry]
    86 | D        | Reached XP level 3. HP: 24/24 MP: 0/8
    89 | D        | Gained mutation: You sometimes gain power by taking damage.
                  | [demonic ancestry]
    89 | D        | Reached XP level 4. HP: 30/30 MP: 0/10
   100 | D        | Reached skill level 5 in Stealth
   171 | D        | Found a roughly hewn altar of Beogh.
   171 | D        | Found a snail-covered altar of Cheibriados.
   171 | D        | Found a shadowy altar of Dithmenos.
   171 | D        | Found a blossoming altar of Fedhas.
   171 | D        | Found an opulent altar of Gozag.
   172 | D        | Found a hazy altar of Hepliaklqana.
   173 | D        | Found a viscous altar of Jiyva.
   174 | D        | Found an ancient bone altar of Kikubaaqudgha.
   175 | D        | Found a corrupted altar of Lugonu.
   176 | D        | Found a burning altar of Makhleb.
   177 | D        | Found a sparkling altar of Nemelex Xobeh.
   178 | D        | Found an iron altar of Okawaru.
   179 | D        | Found a stormy altar of Qazlal.
   180 | D        | Found a sacrificial altar of Ru.
   181 | D        | Found a shimmering blue altar of Sif Muna.
   182 | D        | Found a bloodstained altar of Trog.
   183 | D        | Found a hide-covered altar of Uskayaw.
   184 | D        | Found a radiant altar of Vehumet.
   185 | D        | Found an ornate altar of the Wu Jian Council.
   186 | D        | Found a shimmering altar of Xom.
   187 | D        | Found a basalt altar of Yredelemnul.
   189 | D        | Became a worshipper of Sif Muna the Loreminder
   241 | D        | Learned a level 3 spell: Frozen Ramparts
   245 | D        | Learned a level 3 spell: Ozocubu's Armour
   249 | D        | Learned a level 3 spell: Summon Ice Beast
   263 | D        | Noticed a kobold brigand
   263 | D        | Noticed a wraith
   263 | D        | Noticed an acid dragon
   267 | D        | Killed a kobold brigand
   268 | D        | Reached skill level 5 in Dodging
   268 | D        | Reached skill level 5 in Spellcasting
   268 | D        | Reached XP level 5. HP: 32/35 MP: 3/13
   281 | D        | Killed an acid dragon
   281 | D        | Reached * piety under Sif Muna
   282 | D        | Gained mutation: You have a pair of horns on your head.
                  | [demonic ancestry]
   282 | D        | Reached XP level 6. HP: 37/41 MP: 5/15
   282 | D        | Killed a wraith
   288 | D        | Gained mutation: You are partially covered in sharp spines.
                  | [demonic ancestry]
   288 | D        | Reached XP level 7. HP: 17/46 MP: 3/17
   288 | D        | Reached ** piety under Sif Muna
   395 | D        | Noticed a slime creature
   395 | D        | Noticed a troll
   395 | D        | Noticed a wraith
   395 | D        | Noticed a gargoyle
   400 | D        | Killed a troll
   403 | D        | Killed a slime creature
   404 | D        | Reached XP level 8. HP: 32/52 MP: 14/20
   404 | D        | Reached *** piety under Sif Muna
   426 | D        | Killed a gargoyle
   427 | D        | Reached skill level 10 in Stealth
   861 | D        | Noticed a rime drake
   863 | D        | Reached **** piety under Sif Muna
   864 | D        | Noticed an elephant
   867 | D        | Reached skill level 10 in Ice Magic
   869 | D        | Reached XP level 9. HP: 49/57 MP: 17/22
   875 | D        | Killed an elephant
   875 | D        | Reached ***** piety under Sif Muna
   876 | D        | Reached skill level 10 in Dodging
   876 | D        | Reached skill level 10 in Spellcasting
   877 | D        | Killed a rime drake
   959 | D        | Noticed a black mamba
   959 | D        | Noticed a six-headed hydra
   959 | D        | Noticed a komodo dragon
   959 | D        | Noticed a cane toad
   972 | D        | Killed a black mamba
   973 | D        | Killed a six-headed hydra
   978 | D        | Noticed a komodo dragon
   981 | D        | Received a gift from Sif Muna
   982 | D        | Killed a komodo dragon
   983 | D        | Gained mutation: Your touch may inflict minor irresistible
                  | damage on your foes. [demonic ancestry]
   983 | D        | Reached XP level 10. HP: 39/63 MP: 2/25
   984 | D        | Killed a cane toad
   984 | D        | Noticed a seven-headed hydra
  1252 | D        | Killed a seven-headed hydra
  1259 | D        | Got Sif Muna's Catalogue of Topomancy and the Volley {god
                  | gift}
  1364 | D        | Noticed a dire elephant
  1364 | D        | Noticed an elephant
  1364 | D        | Noticed an elephant
  1364 | D        | Noticed a dire elephant
  1364 | D        | Noticed an elephant
  1364 | D        | Noticed an elephant
  1514 | D        | Learned a level 5 spell: Lee's Rapid Deconstruction
  1530 | D        | Demolished by a dire elephant

Illustrated notes

Levels and vault maps discovered:
D:        linesprint [early_d, line_temple, items_1, d_10, items_2, lair_1,
          lair_end, items_3, orc_1, orc_end, items_4, d_15, swamp_1, shoals_1,
          snake_1, spider_1, d_20, vaults_1, items_5, swamp_end, shoals_end,
          snake_end, spider_end, vaults_end, d_27, items_6, zot_1, zot_end,
          crypt_end, forest_end, elf_end, slime_end, tomb_end, abyss_end,
          pan_hell_end]

Skill      XL: |  1  2  3  4  5  6  7  8  9 10 |
---------------+-------------------------------+-----
Dodging        | 3 5 6 7 8 9 11 | 11.8
Stealth        | 4 5 6 7 9 10 12 | 12.8
Spellcasting   | 3 4 5 6 7 8 9 11 | 11.8
Ice Magic      | 5 6 7 9 10 11 12 | 12.2

Action                     |  1- 3 |  4- 6 |  7- 9 | 10-12 || total
---------------------------+-------+-------+-------+-------++-------
  Melee: Unarmed           |    26 |    11 |       |       ||    37
         Headbutt          |     2 |     4 |     5 |     2 ||    13
         Scimitar          |       |    14 |    29 |    10 ||    53
         Touch             |       |       |       |     1 ||     1
   Cast: Freeze            |     5 |     1 |     8 |     7 ||    21
         Frozen Ramparts   |       |     4 |     8 |     6 ||    18
         Ozocubu's Armour  |       |     2 |     8 |     2 ||    12
         Summon Ice Beast  |       |       |     2 |     5 ||     7
 Invoke: Channel Magic     |       |       |     1 |       ||     1
    Use: Potion            |     3 |     2 |     1 |     3 ||     9
         Scroll            |       |       |       |     1 ||     1
 Armour: Robe              |    23 |    14 |    28 |    26 ||    91
  Dodge: Dodged            |    13 |    21 |    33 |    13 ||    80

Table legend: (Time is in decaauts)
 A = Elapsed time spent in this place.
 B = Non-inter-level travel time spent in this place.
 C = Inter-level travel time spent in this place.
 D = Time resting spent in this place.
 E = Time spent auto-exploring this place.
 F = Levels seen in this place.
 G = Mean time per level.
                   A        B        C        D        E       F      G
               +--------+--------+--------+--------+--------+-----+--------+
         Total |   1548 |   1548 |      0 |   1059 |      0 |   1 | 1548.0 |
       Dungeon |   1548 |   1548 |      0 |   1059 |      0 |   1 | 1548.0 |
               +--------+--------+--------+--------+--------+-----+--------+

Top non-repeatable levels by time:
       D: 1548 daAuts
